Map: Blackpink LE

Players

JackO

  • Race: Protoss Protoss
  • Spawn Location: 1:00

Maru - Winner!

  • Race: Terran Terran
  • Spawn Location: 7:00

Event: IEM Season 12 - Katowice

VOD

Have the link to the VOD?

Description

Time

  • Played on: Feb. 26, 2018, 4:10 a.m.
  • Length: 6:53

All games in this series

Show
View Real Time Build Order
Export as new Build Order

JackO Protoss 

Build Orders:  

Get SALT Encoding   

  12  0:00  Probe  
  13  0:12  Probe  
  14  0:17  Pylon  
  14  0:24  Probe  
  15  0:36  Gateway  
  15  0:39  Probe  
  16  0:47  Assimilator  
  16  0:51  Probe  
  17  0:59  Pylon  
  17  1:03  Probe  
  18  1:15  Probe  
  18  1:18  Gateway  
  19  1:27  Cybernetics Core  
  19  1:29  Probe  
  20  1:39  Zealot (Chrono Boost)  
  20  1:44  Assimilator  
  20  1:45  Probe  
  23  1:59  Probe  
  24  2:05  Stalker (Chrono Boost)  
  28  2:10  Stalker (Chrono Boost)  
  28  2:13  Probe  
  28  2:15  Warp Gate  
  29  2:28  Pylon  
  29  2:29  Stalker (Chrono Boost)  
  31  2:41  Pylon  
  31  2:47  Stalker  
  33  2:57  Stalker  
  35  2:59  Shield Battery  
  35  3:10  Shield Battery  
  35  3:16  Shield Battery  
  35  3:19  Shield Battery  
  35  3:26  Stargate  
  33  3:35  Shield Battery  
  33  3:41  Shield Battery  
  33  3:44  Stalker (Chrono Boost)  
  33  4:05  Shield Battery  
  33  4:08  Void Ray (Chrono Boost)  
  37  4:25  Stalker  
  37  4:30  Shield Battery  
  38  4:32  Pylon  
  38  4:42  Shield Battery  
  38  4:47  Pylon  
  38  4:57  Void Ray  
  42  5:23  Fleet Beacon  
  42  5:34  Shield Battery  
  42  5:56  Shield Battery  
  42  5:58  Sentry  
  42  6:00  Shield Battery  
  44  6:16  Pylon  
  46  6:35  Stalker x2  
  50  6:42  Pylon  
Show
View Real Time Build Order
Export as new Build Order

Maru Terran - Winner!

Build Orders: Cyclone Opening, Gas First Reaper Expand, Reaper Expand 

Get SALT Encoding   

  12  0:01  SCV  
  13  0:13  SCV  
  14  0:18  Supply Depot  
  14  0:28  SCV  
  15  0:32  Refinery  
  15  0:40  SCV  
  16  0:45  Barracks  
  16  0:52  SCV  
  17  1:05  SCV  
  18  1:17  SCV  
  19  1:32  Reaper, Orbital Command  
  20  1:43  Command Center  
  20  1:53  Factory  
  20  1:58  SCV  
  21  2:02  Refinery  
  21  2:09  Barracks Reactor  
  21  2:10  SCV  
  21  2:14  Supply Depot  
  22  2:22  SCV  
  23  2:33  Bunker  
  23  2:37  Cyclone  
  23  2:41  SCV  
  26  2:45  Marine x2  
  28  2:53  SCV  
  28  3:00  Starport  
  28  3:03  Marine  
  28  3:05  SCV  
  29  3:11  Factory Tech Lab  
  29  3:14  Supply Depot  
  29  3:17  SCV  
  30  3:29  SCV  
  31  3:35  Supply Depot  
  31  3:36  Siege Tank  
  31  3:38  Marine x2  
  36  3:41  SCV  
  36  3:47  Medivac  
  39  3:55  SCV  
  39  3:59  Marine  
  40  4:06  Marine  
  40  4:07  SCV  
  42  4:17  Marine  
  42  4:20  Siege Tank  
  42  4:22  Supply Depot  
  46  4:31  SCV  
  47  4:41  Command Center  
  47  4:50  Marine x2  
  46  5:02  Siege Tank  
  46  5:05  Viking  
  50  5:15  Marine x2  
  52  5:23  Supply Depot, SCV  
  53  5:40  Viking  
  55  5:44  Siege Tank  
  58  5:51  SCV  
  58  5:53  Supply Depot  
  58  5:56  Orbital Command  
  59  6:02  Marine x2  
  61  6:12  Viking  
  63  6:24  Marine x2  
  62  6:37  SCV  
  65  6:44  Supply Depot  

Tags
 
Add a new tag
Caveats
  • Supply blocks, unpowered buildings, or Contaminate may cause inaccurate times.
  • Supply counts are checked every 10 seconds.